 Dungeon Crawl Stone Soup version 0.21.0-3-g78d12a8bdd (webtiles) character file.

39 Greenblue the Caller (level 3, 0/24 HPs)
             Began as a Mummy Summoner on Jan 11, 2018.
             Shot with an arrow by a centaur (4 damage)
             ... on level 3 of the Dungeon.
             The game lasted 00:06:30 (1597 turns).

Greenblue the Caller (Mummy Summoner)               Turns: 1597, Time: 00:06:30

Health: 0/24       AC:  3    Str: 11    XL:     3   Next: 28%
Magic:  1/8        EV: 11    Int: 15    God:
Gold:   98         SH:  0    Dex: 12    Spells: 6/9 levels left

rFire    x . .     SeeInvis .   c - +0 short sword
rCold    + . .     Gourm    .   (no shield)
rNeg     + + +     Faith    .   h - +0 leather armour
rPois    ∞         Spirit   .   (no helmet)
rElec    .         Reflect  .   (no cloak)
rCorr    .         Harm     .   (no gloves)
MR       .....                  (no boots)
Stlth    +.........             (no amulet)
HPRegen  0.08/turn              (no ring)
MPRegen  0.11/turn              (no ring)

@: very slightly contaminated
A: no food or potions, fire vulnerability, cold resistance 1, negative energy
resistance 3, torment resistance, unbreathing
a: no special abilities


You were on level 3 of the Dungeon.
You were not hungry.

You visited 1 branch of the dungeon, and saw 3 of its levels.

You collected 98 gold pieces.

Inventory:

Hand Weapons
 c - a +0 short sword (weapon)
Armour
 a - a +0 robe
 h - a +0 leather armour (worn)
Scrolls
 d - 2 scrolls of identify {unknown}
 e - a scroll of magic mapping {unknown}
 f - a scroll of enchant armour {unknown}
 g - a scroll of fear {unknown}
 i - a scroll of teleportation {unknown}
 j - a scroll of remove curse {unknown}
Books
 b - a book of Callings

   Spells                             Type                      Level
   a - Summon Small Mammal            Summoning                    1
   b - Call Imp                       Summoning                    2
   c - Call Canine Familiar           Summoning                    3
   d - Summon Guardian Golem          Hexes/Summoning              3
   e - Summon Lightning Spire         Summoning/Air                4
   f - Summon Ice Beast               Ice/Summoning                4


   Skills:
 - Level 0.1 Short Blades
 - Level 1.7 Dodging
 - Level 1.5 Stealth
 + Level 3.7 Spellcasting
 + Level 3.7 Summonings


You had 6 spell levels left.
You knew the following spells:

 Your Spells              Type           Power        Failure   Level  Hunger
a - Summon Small Mammal   Summ           ##..         5%          1    N/A
b - Call Imp              Summ           ##......     8%          2    N/A

Dungeon Overview and Level Annotations

Branches:
Dungeon (3/15)

Altars:
Makhleb
Okawaru

Annotations:
D:2 Sigmund


Innate Abilities, Weirdness & Mutations

You do not eat or drink.
Your flesh is vulnerable to fire.
You are immune to poison.
Your flesh is cold resistant. (rC+)
You are immune to negative energy. (rN+++)
You are immune to unholy pain and torment.
You can survive without breathing.


Message History

Casting: Call Imp
Confirm with . or Enter, or press ? or * to list all spells.
A beastly little devil appears in a puff of flame.
The centaur shoots an arrow.
The arrow hits you!
Ouch! That really hurt!
* * * LOW HITPOINT WARNING * * *
Your iron imp hits the centaur.
Your iron imp barely misses the centaur.
You swap places.
The centaur unwields an uncursed shortbow.
The centaur hits your crimson imp!
Your crimson imp hits the centaur.
The centaur wields an uncursed shortbow.
The centaur shoots an arrow.
The arrow hits your crimson imp.
Your crimson imp hits the centaur.
You can't drink.
Okay, then.
Your crimson imp hits the centaur but does no damage.
The centaur shoots an arrow.
The arrow closely misses you.
The centaur shoots an arrow.
The arrow hits you.
You die...

%.## #..%.......#
...<####.....###...
#.....†.....#.!.###
###.....r......#.# ..
........##..####.####..
.......#...## #.......#
...##....######......##
.........#..........#..
..##.........@5.#.....#
......###...(........#
....#. ###5##....(#.
.##...#.##.(##c....#
..#..............#
..####....####....# ##
#...# .#### #... ##
##..


You could see a centaur, a friendly iron imp and a friendly crimson imp.

Vanquished Creatures
  5 bats (D:1)
  2 giant cockroaches (D:1)
  3 hobgoblins
  2 kobolds
  2 quokkas
  2 goblins
  2 rats
18 creatures vanquished.

Vanquished Creatures (collateral kills)
  2 adders (D:3)
  An ooze (D:1)
  A goblin (D:1)
  A hobgoblin (D:2)
  A ball python (D:1)
  2 bats
  A kobold (D:1)
9 creatures vanquished.

Grand Total: 27 creatures vanquished

Notes
Turn   | Place    | Note
-------+----------+-------------------------------------------
     0 | D:1      | Greenblue the Mummy Summoner began the quest for the Orb.
     0 | D:1      | Reached XP level 1. HP: 13/13 MP: 4/4
   468 | D:1      | Reached XP level 2. HP: 12/19 MP: 0/5
  1196 | D:2      | Noticed Sigmund
  1304 | D:2      | Found a burning altar of Makhleb.
  1342 | D:2      | Found an iron altar of Okawaru.
  1444 | D:3      | Reached XP level 3. HP: 17/24 MP: 1/8
  1566 | D:3      | Learned a level 2 spell: Call Imp
  1581 | D:3      | Noticed a centaur
  1597 | D:3      | Shot with an arrow by a centaur

Skill      XL: |  1  2 |
---------------+-------+-----
Spellcasting   | 3 |  3.7
Short Blades   | |  0.1
Dodging        | |  1.7
Stealth        | |  1.5
Summonings     | |  3.7

Action                   || total
-------------------------++-------
Melee: Unarmed           ||    18
       Short sword       ||    67
 Cast: Summon Small Mamm ||    45
       Call Imp          ||     3
 Stab: Sleeping          ||     2
Armor: Robe              ||    17
       Leather armour    ||    23
Dodge: Dodged            ||    85
